 Dungeon Crawl Stone Soup version 0.17-a0-1368-g6ab37f2 (webtiles) character file.

202 bal the Sneak (level 5, -1/37 HPs)
             Began as a Vampire Enchanter on June 12, 2015.
             Slain by a worker ant (6 damage)
             ... on level 4 of the Dungeon.
             The game lasted 00:16:34 (1858 turns).

bal the Sneak (Vampire Enchanter)                   Turns: 1858, Time: 00:16:34

Health: -1/37      AC:  4    Str: 12    XL:     5   Next: 50%
Magic:  0/9        EV: 13    Int: 18    God:
Gold:   131        SH:  0    Dex: 15    Spells: 3 memorised, 3 levels left

rFire  . . .     SeeInvis +     f - +0 dagger (elec)
rCold  . . .     Clarity  .     b - +1 robe
rNeg   + . .     SustAt   .     (no shield)
rPois  .         Gourm    .     n - +0 helmet
rElec  .         Spirit   .     (no cloak)
rCorr  .         Warding  .     (no gloves)
rMut   .         Stasis   .     (no boots)
MR     .....                    (no amulet)
Stlth  ++++......               (no ring)
                                i - ring of see invisible

@: mighty, lethally poisoned (-1 -> -8), very slightly contaminated, not
resistant to hostile enchantments, stealthy
A: fangs 3, see invisible, unbreathing
a: Bat Form


You were on level 4 of the Dungeon.
You were not thirsty.

You visited 1 branch of the dungeon, and saw 4 of its levels.

You collected 131 gold pieces.

Inventory:

Hand weapons
 a - a +1 dagger
 e - a +2 short sword of flaming
 f - a +0 dagger of electrocution (weapon)
Missiles
 j - 7 tomahawks (quivered)
Armour
 b - a +1 robe (worn)
 n - a +0 helmet (worn)
Jewellery
 i - a ring of see invisible (left hand)
Scrolls
 h - a scroll of identify
 l - a scroll of recharging {unknown}
 o - 2 scrolls of enchant armour {unknown}
Potions
 d - 18 potions of blood
Books
 c - a book of Maledictions

   Spells                             Type                      Level
   a - Corona                         Hexes                        1
   b - Ensorcelled Hibernation        Hexes/Ice                    2
   c - Confuse                        Hexes                        3
   d - Tukima's Dance                 Hexes                        3
   e - Dazzling Spray                 Conjuration/Hexes            3


   Skills:
 + Level 1.0 Fighting
 + Level 1.9 Short Blades
 + Level 3.4 Dodging
 + Level 6.3 Stealth
 + Level 2.6 Spellcasting
 + Level 5.5 Hexes
 + Level 0.8 Ice Magic


You had 3 spell levels left.
You knew the following spells:

 Your Spells              Type           Power        Failure   Level  Hunger
a - Corona                Hex            ###....      1%          1    #......
b - Ensorcelled Hibernat  Hex/Ice        ##....       10%         2    ##.....
c - Tukima's Dance        Hex            ###.....     6%          3    ###....


Dungeon Overview and Level Annotations

Branches:
Dungeon (4/15)
 Temple: D:4-7

Altars:
Fedhas


Innate Abilities, Weirdness & Mutations

You have razor-sharp teeth.
You have supernaturally acute eyesight.
You can survive without breathing.


Message History

You are more poisoned.
The worker ant poisons you!
You puncture the worker ant!
The worker ant is heavily wounded.
You feel sick. The worker ant closely misses you. The worker ant bites you!
* * * LOW HITPOINT WARNING * * *
Casting: Ensorcelled Hibernation
Confirm with . or Enter, or press ? or * to list all spells.
Aiming: Ensorcelled Hibernation
Press: ? - help, Shift-Dir - straight line, f - worker ant
Aim: a worker ant (heavily wounded, chance to defeat MR: 52%)
The worker ant resists with significant effort.
* * * LOW HITPOINT WARNING * * *
You feel sick. The worker ant barely misses you.
* * * LOW HITPOINT WARNING * * *
You feel sick.
Found an escape hatch in the floor.
* * * LOW HITPOINT WARNING * * *
You feel sick. The worker ant bites you.
You die...

.........# .......> ..$b...
#.....# #.....#.#
#.....#.##.#
#.....#.##.######## #@#
#.##.#....... #a#
#.##.#.###### # #.#
#.##!#.# #. #.# #.##.#.#
..##.#####.####.##.#.######
..............)..........>.
#..#...$.#.####.##.#.######
#...).#.# #....#.#
#.....#.# #....#.#


You could see a worker ant and a bat (sleeping).

Vanquished Creatures
  An ogre (D:4)
  7 adders
  2 oozes (D:2)
  A giant gecko (D:2)
  2 orcs (D:3)
  10 goblins
  7 hobgoblins
  2 jackals (D:2)
  2 kobolds (D:1)
  A quokka (D:3)
  3 ball pythons
  9 bats
  3 giant cockroaches
  6 giant newts
  4 rats
60 creatures vanquished.

Vanquished Creatures (collateral kills)
  A kobold (D:3)
1 creature vanquished.

Grand Total: 61 creatures vanquished

Notes
Turn   | Place    | Note
--------------------------------------------------------------
     0 | D:1      | bal the Vampire Enchanter began the quest for the Orb.
     0 | D:1      | Reached XP level 1. HP: 13/13 MP: 3/3
   202 | D:1      | Reached XP level 2. HP: 2/19 MP: 3/5
   209 | D:1      | Learned a level 2 spell: Ensorcelled Hibernation
   853 | D:2      | Reached skill level 5 in Stealth
   853 | D:2      | Reached skill level 5 in Hexes
   853 | D:2      | Reached XP level 3. HP: 24/24 MP: 6/6
  1140 | D:2      | Found a blossoming altar of Fedhas.
  1295 | D:2      | Reached XP level 4. HP: 31/31 MP: 0/7
  1537 | D:2      | Learned a level 3 spell: Tukima's Dance
  1538 | D:2      | Found a faded altar to an unknown god.
  1748 | D:3      | Reached skill level 6 in Stealth
  1835 | D:4      | Noticed an ogre
  1845 | D:4      | Killed an ogre
  1845 | D:4      | Reached skill level 1 in Fighting
  1845 | D:4      | Reached XP level 5. HP: 24/37 MP: 1/9
  1858 | D:4      | Slain by a worker ant

Vault maps used:
D:1:      shiori_arrival_maze
D:2:      ecumenical_altar_1, first_bread, fedhas_altar_3
D:3:      hangedman_abyss_or_decor_stabs, uniq_sigmund, uniq_natasha

Action                   |  1- 3 |  4- 6 || total
-------------------------+-------+-------++-------
Melee: Dagger            |   100 |    52 ||   152
 Cast: Corona            |     7 |       ||     7
       Ensorcelled Hiber |    20 |    10 ||    30
       Tukima's Dance    |       |     3 ||     3
  Use: Potion            |     1 |     6 ||     7
       Scroll            |       |     3 ||     3
 Stab: Sleeping          |    19 |    10 ||    29
  Eat: Corpse            |     2 |       ||     2
